 Dungeon Crawl Stone Soup version 0.24-a0-524-gf43b32f898 (webtiles) character file.

Game seed: 5502195791740616567

4543 Gargoyl the Agent of Entropy (level 10, 0/83 HPs)
             Began as a Centaur Abyssal Knight on July 31, 2019.
             Was a Priest of Lugonu.
             Slain by an orc warrior
             ... wielding a +0 scimitar
              (8 damage)
             ... on level 9 of the Dungeon.
             The game lasted 00:13:28 (10622 turns).

Gargoyl the Agent of Entropy (CeAK)                Turns: 10622, Time: 00:13:29

Health: 0/83       AC: 15    Str: 18    XL:     10   Next: 17%
Magic:  16/16      EV:  5    Int: 11    God:    Lugonu [***...]
Gold:   533        SH:  6    Dex: 13    Spells: 9/9 levels left

rFire    + + .     SeeInvis +   a - +4 hand axe
rCold    . . .     Gourm    .   r - +2 buckler
rNeg     . . .     Faith    .   k - +2 plate armour {rF+}
rPois    .         Spirit   .   (no helmet)
rElec    .         Reflect  .   p - +0 cloak
rCorr    .         Harm     .   d - +0 pair of gloves of Zyiss {Dex+4 SInv}
MR       .....                  (no barding)
Stlth    ..........             (no amulet)
HPRegen  0.23/turn              (no ring)
MPRegen  0.15/turn              o - ring of see invisible

@: very quick
A: large, hooves 3, deformed body, fire resistance 1, speed 2, high mp 1, tough
skin 3
a: Depart the Abyss, Bend Space, Banish, Renounce Religion


You were on level 9 of the Dungeon.
You worshipped Lugonu.
Lugonu was most pleased with you.
You were not hungry.

You visited 1 branch of the dungeon, and saw 9 of its levels.
You visited the Abyss 1 time.

You collected 673 gold pieces.
You spent 140 gold pieces at shops.

Inventory:

Hand Weapons
 a - a +4 hand axe (weapon)
Armour
 d - the +0 pair of gloves of Zyiss (worn) {Dex+4 SInv}
   (You found it on level 2 of the Abyss)

   It affects your dexterity (+4).
   It lets you see invisible.
 k - a +2 plate armour of fire resistance (worn)
 l - a +3 chain mail of cold resistance
 p - a +0 cloak (worn)
 r - a +2 buckler (worn)
Jewellery
 n - an uncursed ring of ice
 o - a ring of see invisible (right hand)
Wands
 e - a wand of iceblast (16)
Scrolls
 g - a scroll of identify
 i - 4 scrolls of magic mapping
 s - a scroll of fog
 t - 2 scrolls of remove curse
Potions
 b - 2 potions of magic {unknown}
 f - 5 potions of mutation
 h - 4 potions of curing
 j - a potion of heal wounds
 q - a potion of cancellation {unknown}
 u - a potion of agility
 z - 2 potions of haste {unknown}
Comestibles
 c - 20 rations
 m - 2 chunks of flesh


   Skills:
 + Level 5.6 Fighting
 + Level 5.9(6.3) Axes
   Level 3.0(4.9) Polearms
 * Level 6.0 Armour
 * Level 4.5 Dodging
 + Level 2.3 Shields
 * Level 7.1 Invocations


You had 9 spell levels left.
You didn't know any spells.
Your spell library contained the following spells:

 Spells                   Type           Power        Failure   Level  Hunger
 Animate Skeleton         Necr           N/A          100%        1    ##.....
 Apportation              Tloc           #.....       100%        1    ##.....
 Confusing Touch          Hex            #.....       100%        1    ##.....
 Corona                   Hex            #......      100%        1    ##.....
 Infusion                 Chrm           #...         100%        1    ##.....
 Summon Small Mammal      Summ           #...         100%        1    ##.....
 Shroud of Golubria       Chrm/Tloc      #.....       100%        2    ###....
 Slow                     Hex            #.......     100%        2    ###....
 Song of Slaying          Chrm           #.......     100%        2    ###....
 Inner Flame              Hex/Fire       #.......     100%        3    ####...
 Portal Projectile        Hex/Tloc       #.....       100%        3    ####...
 Regeneration             Chrm/Necr      #.........   100%        3    ####...
 Spectral Weapon          Hex/Chrm       #.......     100%        3    ####...
 Cause Fear               Hex            #.........   100%        4    #####..
 Leda's Liquefaction      Hex/Erth       #.........   100%        4    #####..


Dungeon Overview and Level Annotations

Branches:
Dungeon (9/15)             Temple (0/1) D:7
   Lair: D:8-11         Orc: D:9-12

Altars:
Elyvilon
Hepliaklqana
Nemelex Xobeh
Ru
Trog
Xom

Shops:
D:4 *

Annotations:
D:4 1 runed translucent door, TribbleFun's ghost, amateur HOFi
D:7 1 transporter, Grum; Thantalas's ghost, novice TeAE


Innate Abilities, Weirdness & Mutations

You have hooves in place of feet.
Armour fits poorly on your strangely shaped body.
You cover ground very quickly.
You have extremely tough skin. (AC +3)
Your flesh is heat resistant. (rF+)
You have an increased reservoir of magic. (+10% MP)


Message History

* * * LOW HITPOINT WARNING * * *
You hit the orc warrior. Your kick misses the orc warrior.
The orc warrior is severely wounded.
The orc warrior barely misses you.
You hit the orc warrior but do no damage.
The orc warrior is severely wounded.
The orc warrior hits you but does no damage.
You slash the orc warrior!
The orc warrior is almost dead.
You block the orc warrior's attack.
You barely miss the orc warrior.
The orc warrior is almost dead.
The orc warrior hits you with a +0 scimitar!
* * * LOW HITPOINT WARNING * * *
Your plate armour prevents you from hitting the orc warrior.
The orc warrior is almost dead.
You barely miss the orc warrior.
The orc warrior is almost dead.
The orc warrior hits you with a +0 scimitar!
You die...

#### ###..o. #
###......$ #
#....Z..!. #
#........o ###
##.o### ####..
#..@).#########....[
#.......).........).
#..................(
#####...........####
#############


You could see an orc warrior.

Vanquished Creatures
  Prince Ribbit (D:6)
  A hippogriff (D:8)
  2 dream sheep (D:8)
  Sigmund (D:2)
  2 yaks (D:8)
  A water moccasin (D:9)
  Duvessa (D:6)
  3 orc warriors
  An ogre (D:9)
  3 centaurs
  3 big kobolds (D:8)
  2 bullfrogs
  Dowan (D:6)
  2 scorpions
  4 killer bees (D:7)
  A crimson imp (D:9)
  4 hounds
  Crazy Yiuf (D:2)
  4 orc priests
  12 orc wizards
  Jessica (D:3)
  Ijyb (D:3)
  Terence (D:3)
  4 iguanas
  3 worker ants
  A hound skeleton (D:4)
  7 gnolls (D:7)
  6 adders
  A shadow imp (D:7)
  2 oozes
  2 adder skeletons
  An adder zombie (D:9)
  2 worms (D:3)
  2 dart slugs (D:1)
  6 leopard geckos
  29 orcs
  5 giant cockroaches
  10 goblins
  11 hobgoblins
  13 jackals
  9 kobolds
  3 quokkas
  3 ball pythons
  8 bats
  8 frilled lizards
  A quokka zombie (D:9)
  8 rats
198 creatures vanquished.

Vanquished Creatures (others)
  A hydra (D:8)
  A two-headed ogre (D:8)
  A killer bee (D:7)
  6 plants (D:7)
9 creatures vanquished.

Grand Total: 207 creatures vanquished

Notes
Turn   | Place    | Note
-------+----------+-------------------------------------------
     0 | Abyss:1  | Gargoyl the Centaur Abyssal Knight began the quest for the
                  | Orb.
     0 | Abyss:1  | Reached XP level 1. HP: 19/19 MP: 2/2
    67 | Abyss:2  | Got a pair of faintly glowing gloves
    73 | Abyss:2  | Identified the cursed +0 pair of gloves of Zyiss {Dex+4
                  | SInv} (You found it on level 2 of the Abyss)
    80 | Abyss:2  | Noticed an efreet
    81 | Abyss:2  | Noticed an ancient zyme
    83 | D:1      | Escaped the Abyss
    90 | D:1      | Noticed a swamp worm
    90 | D:1      | Noticed a komodo dragon
    90 | D:1      | Noticed an anaconda
    91 | D:1      | Noticed a wolf
   356 | D:1      | Reached XP level 2. HP: 16/26 MP: 3/3
   804 | D:1      | Reached skill level 1 in Dodging
   871 | D:1      | Reached * piety under Lugonu
   961 | D:1      | Reached XP level 3. HP: 23/31 MP: 4/4
  1836 | D:2      | Noticed Sigmund
  1839 | D:2      | Reached XP level 4. HP: 38/39 MP: 5/5
  1843 | D:2      | Gained mutation: You have an increased reservoir of magic.
                  | (+10% MP) [potion of mutation]
  1843 | D:2      | Gained mutation: Your flesh is heat resistant. (rF+)
                  | [potion of mutation]
  1847 | D:2      | Killed Sigmund
  1847 | D:2      | Reached skill level 3 in Invocations
  1847 | D:2      | Reached XP level 5. HP: 33/46 MP: 6/8
  2061 | D:2      | Found a sacrificial altar of Ru.
  2329 | D:2      | Found a runed translucent door.
  2330 | D:2      | Noticed Crazy Yiuf
  2596 | D:2      | Killed Crazy Yiuf
  2596 | D:2      | Reached XP level 6. HP: 22/52 MP: 9/9
  2842 | D:3      | Reached ** piety under Lugonu
  2880 | D:3      | Noticed Terence
  2882 | D:3      | Noticed Ijyb
  2891 | D:3      | Killed Ijyb
  2895 | D:3      | Reached skill level 1 in Polearms
  3126 | D:3      | Killed Terence
  3354 | D:3      | Noticed Jessica
  3397 | D:3      | Killed Jessica
  3872 | D:3      | Found a hazy altar of Hepliaklqana.
  4061 | D:3      | Reached XP level 7. HP: 50/59 MP: 10/10
  4541 | D:4      | Reached *** piety under Lugonu
  4775 | D:4      | Found a runed translucent door.
  4780 | D:4      | Noticed TribbleFun's ghost (amateur HOFi)
  4818 | D:4      | Found a sparkling altar of Nemelex Xobeh.
  5121 | D:4      | Found Buczi's General Store.
  5124 | D:4      | Reached skill level 4 in Invocations
  5142 | D:4      | Bought 2 potions of heal wounds for 140 gold pieces
  5468 | D:5      | Entered Level 5 of the Dungeon
  6344 | D:6      | Found a shimmering altar of Xom.
  6401 | D:6      | Noticed Prince Ribbit
  6410 | D:6      | Killed Prince Ribbit
  6410 | D:6      | Reached XP level 8. HP: 45/67 MP: 12/12
  6572 | D:6      | Noticed Duvessa
  6574 | D:6      | Noticed Dowan
  6591 | D:6      | Killed Duvessa
  6601 | D:6      | Killed Dowan
  6754 | D:6      | Reached skill level 5 in Invocations
  6851 | D:6      | Found a white marble altar of Elyvilon.
  6851 | D:6      | Found a bloodstained altar of Trog.
  7003 | D:7      | Found a transporter.
  7072 | D:7      | Identified the +4 spear of the Hundredfold Suns {vamp,
                  | *Rage rN+++ Dex+6}
  7072 | D:7      | Identified the +1 scale mail of Imperfection {rElec Int+2}
  7072 | D:7      | Identified the +0 shield of Jaemeg {MR+}
  7235 | D:7      | Found a staircase to the Ecumenical Temple.
  7437 | D:7      | Found a transporter.
  7455 | D:7      | Noticed Thantalas's ghost (novice TeAE)
  7457 | D:7      | Identified the ring of Dairrej {rElec rF+ MR+++ Str-2
                  | Int-2}
  7469 | D:7      | Noticed Grum
  7575 | D:7      | Reached skill level 1 in Shields
  8495 | D:8      | Noticed a two-headed ogre
  8499 | D:8      | Banished a two-headed ogre
  8499 | D:8      | Reached XP level 9. HP: 73/73 MP: 14/14
  8530 | D:8      | Reached skill level 5 in Fighting
  8530 | D:8      | Reached skill level 5 in Armour
  8954 | D:8      | Reached skill level 6 in Invocations
  8991 | D:7      | Reached skill level 5 in Axes
 10051 | D:8      | Noticed a three-headed hydra
 10069 | D:8      | Banished a four-headed hydra
 10069 | D:8      | Reached XP level 10. HP: 39/82 MP: 4/16
 10492 | D:9      | Reached skill level 7 in Invocations
 10622 | D:9      | Slain by an orc warrior

Levels and vault maps discovered:
D:1:      onia_arrival_zoo_common, layout_basic, serial_forest,
          infiniplex_forest_zigzag_1, infiniplex_forest_clump_long,
          infiniplex_forest_lined_1, infiniplex_forest_lined_room_,
          infiniplex_forest_straight_3, infiniplex_forest_clump_small,
          infiniplex_forest_end_3
D:2:      layout_basic, marbit_many_paths, kennysheep_generic_room_8,
          uniq_sigmund, uniq_crazy_yiuf_cottage
D:3:      layout_basic, lemuel_coloured_pillars_altar, saegor_snake_ambush,
          uniq_terence, uniq_ijyb, uniq_jessica
D:4:      layout_loops_ring, nemelex_xobeh_ov_fountains_minmay,
          ebering_ghost_reflecting_pool, first_ration,
          minmay_misc_feat_nine_boxes, kennysheep_small_circle
D:5:      layout_cave_pods
D:6:      layout_loops_ring, lemuel_round_altar, gammafunk_temple_overflow_wave,
          minivault_25, minmay_strange_pillars, uniq_duvessa,
          uniq_prince_ribbit1
D:7:      minmay_angry_zag, layout_gridville, minmay_temple_entry_arrows,
          gammafunk_ghost_gnarly_gnolls
D:8:      layout_rooms, hangedman_ranch [blue_anna_fruit_fields]
D:9:      kennysheep_spiral_hall, layout_long_grid, fedhas_altar_2,
          lair_entry_dummy, minmay_misc_feat_tower, jmf_multi_god_temple2

Skill      XL: |  1  2  3  4  5  6  7  8  9 10 |
---------------+-------------------------------+-----
Axes           | 2 3 4 5 |  5.9
Dodging        | 1 2 3 4 |  4.5
Armour         | 2 3 4 5 6 |  6.0
Invocations    | 3 4 5 6 7 |  7.1
Polearms       | 1 3 |  3.0
Fighting       | 4 5 |  5.6
Shields        | 1 2 |  2.3

Action                   |  1- 3 |  4- 6 |  7- 9 | 10-12 || total
-------------------------+-------+-------+-------+-------++-------
Melee: Hand axe          |    81 |     6 |   315 |    57 ||   459
       Kick              |    17 |    34 |   104 |    14 ||   169
       Scythe            |       |   155 |    95 |       ||   250
Invok: Depart the Abyss  |     1 |       |       |       ||     1
       Banish            |       |       |     5 |     1 ||     6
  Use: Scroll            |     3 |     5 |    16 |       ||    24
       Potion            |       |     2 |     4 |       ||     6
  Eat: Chunk             |     1 |     7 |    14 |     3 ||    25
       Ration            |       |       |     1 |       ||     1
Armor: Leather armour    |    56 |       |       |       ||    56
       Chain mail        |     1 |   226 |   236 |       ||   463
       Skin              |       |       |    48 |       ||    48
       Plate armour      |       |       |    38 |    20 ||    58
Dodge: Dodged            |    36 |    90 |   116 |    13 ||   255
Block: Buckler           |       |       |    93 |    10 ||   103

Table legend:
 A = Non-vault XP
 B = Vault XP
 C = Vault XP percentage of total XP
 D = Non-vault monster count
 E = Vault monster count
 F = Vault count percentage of total count
                 A         B        C        D         E       F
            +---------+---------+-------+---------+---------+-------
      Total |    3829 |    2662 |  41.0 |     176 |      25 |  12.4
            +---------+---------+-------+---------+---------+-------
        D:1 |      45 |       0 |   0.0 |      22 |       0 |   0.0
        D:2 |      73 |     281 |  79.4 |      26 |       4 |  13.3
        D:3 |     228 |     137 |  37.5 |      44 |       6 |  12.0
        D:4 |     300 |       3 |   1.0 |      21 |       1 |   4.5
        D:5 |     256 |       0 |   0.0 |      13 |       0 |   0.0
        D:6 |     200 |     492 |  71.1 |       2 |       3 |  60.0
        D:7 |    1007 |       3 |   0.3 |      26 |       1 |   3.7
        D:8 |    1357 |    1703 |  55.7 |      15 |       8 |  34.8
        D:9 |     363 |      43 |  10.6 |       7 |       2 |  22.2
            +---------+---------+-------+---------+---------+-------
